 Dungeon Crawl Stone Soup version 0.31-a0-986-g5e6e4ef867 (webtiles) character file.

Game seed: 17252520679514283054

871 gelatine the Magician (level 7, -3/50 HPs)
             Began as a Demonspawn Wanderer on Nov 3, 2023.
             Slain by a water moccasin (8 damage)
             ... on level 5 of the Dungeon.
             The game lasted 00:13:44 (5169 turns).

gelatine the Magician (Demonspawn Wanderer)         Turns: 5169, Time: 00:13:45

Health: -3/50      AC:  5    Str: 11    XL:     7   Next: 73%
Magic:  3/13       EV: 11    Int: 17    God:
Gold:   203        SH:  9    Dex: 12    Spells: 11/14 levels left

rFire   . . .        r - staff of poison
rCold   . . .        d - +0 buckler
rNeg    + . .        s - +1 leather armour {rPois}
rPois   +            (helmet restricted)
rElec   .            x - scarf {+Inv}
rCorr   .            (no gloves)
SInv    .            l - +0 pair of boots
Will    .....        y - amulet of reflection
Stlth   ++           v - ring of positive energy
HPRegen 0.28/turn    (no ring)
MPRegen 0.13/turn

%: reflection
@: wereblooded
A: horns 1, foul stench 2
a: Evoke Invisibility


You were on level 5 of the Dungeon.
You visited 2 branches of the dungeon, and saw 6 of its levels.

You collected 203 gold pieces.

Inventory:

Hand Weapons
 a - a +0 dagger
 p - a +1 dagger of speed
 A - a +1 hand axe of venom
Armour
 d - a +0 buckler (worn)
 l - a +0 pair of boots (worn)
 m - a +0 kite shield
 s - a +1 leather armour of poison resistance (worn)
 x - a scarf of invisibility (worn)
Magical Staves
 h - a staff of death
 r - a staff of poison (weapon)
Jewellery
 v - a ring of positive energy (left hand)
 y - an amulet of reflection (around neck)
Wands
 g - a wand of charming (6)
 C - a wand of flame (16)
Scrolls
 c - a scroll of blinking {unknown}
 f - 2 scrolls of fear
 j - a scroll of poison
 n - a scroll of immolation {unknown}
 D - a scroll of amnesia {unknown}
Potions
 b - 2 potions of haste
 e - a potion of ambrosia
 i - 4 potions of curing
 k - 2 potions of degeneration {unknown}
 o - 4 potions of cancellation {unknown}
 q - a potion of mutation {unknown}
 t - a potion of magic {unknown}
 u - a potion of attraction {unknown}
 w - a potion of brilliance {unknown}
 z - a potion of heal wounds {unknown}
 B - a potion of enlightenment


   Skills:
 * Level 2.2 Fighting
 + Level 1.3 Short Blades
 + Level 0.4 Staves
 + Level 1.0 Armour
 + Level 2.1 Dodging
 + Level 1.7 Stealth
 * Level 2.4 Shields
 * Level 4.2 Spellcasting
 + Level 2.0 Summonings
 + Level 3.7 Transmutations
 * Level 3.5 Poison Magic
 * Level 2.2 Evocations


You had 11 spell levels left.
You knew the following spells:

 Your Spells              Type           Power      Damage    Failure   Level
a - Sting                 Tmut/Pois      96%        1d7       7%          1
b - Wereblood             Tmut           16%        N/A       10%         2

Your spell library contained the following spells:

 Spells                   Type           Power      Damage    Failure   Level
 Summon Small Mammal      Summ           40%        N/A       13%         1
 Poisonous Vapours        Pois/Air       28%        N/A       22%         2
 Freeze                   Ice            12%        1d3       30%         1
 Ignite Poison            Fire/Tmut/Pois 17%        N/A       32%         3
 Call Canine Familiar     Summ           10%        N/A       36%         3
 Ensorcelled Hibernation  Hex/Ice        6%         N/A       41%         2
 Jinxbite                 Hex            6%         N/A       41%         2
 Mephitic Cloud           Conj/Pois/Air  11%        N/A       47%         3
 Frozen Ramparts          Ice            6%         1d1       65%         3
 Hailstorm                Conj/Ice       3%         3d3       65%         3
 Anguish                  Hex/Necr       1%         N/A       96%         4
 Freezing Cloud           Conj/Ice/Air   1%         6-21      100%        5


Dungeon Overview and Level Annotations

Branches:
Dungeon (5/15)             Temple (1/1) D:4

Altars:
Ashenzari
Cheibriados
Dithmenos
Fedhas
Gozag
Hepliaklqana
Kikubaaqudgha
Makhleb
Nemelex Xobeh
Okawaru
Qazlal
Ru
Sif Muna
Trog
Uskayaw
Wu Jian
Xom
Yredelemnul


Innate Abilities, Weirdness & Mutations

You have a pair of small horns on your head.
You sometimes emit foul miasma when damaged in melee.


Message History

You are no longer poisoned.
The water moccasin bites you. x2
* * * LOW HITPOINT WARNING * * *
You closely miss the water moccasin.
The water moccasin is moderately wounded.
The water moccasin barely misses you. The water moccasin misses you.
Your magical contamination has completely faded away.
You closely miss the water moccasin.
Your headbutt misses the water moccasin.
The water moccasin is moderately wounded.
The water moccasin misses you.
The water moccasin bites you but does no damage.
You hit the water moccasin.
The water moccasin is moderately wounded.
You block the water moccasin's attack.
You closely miss the water moccasin.
The water moccasin is moderately wounded.
You howl as the wereblood boils in your veins!
You block the water moccasin's attack. The water moccasin barely misses you.
You hit the water moccasin but do no damage.
You envenom the water moccasin.
The water moccasin is moderately wounded.
You block the water moccasin's attack. The water moccasin bites you!
* * * LOW HITPOINT WARNING * * *
You emit a cloud of foul miasma!
You barely miss the water moccasin.
Your headbutt misses the water moccasin.
The water moccasin is moderately wounded.
The water moccasin is engulfed in dark miasma.
The water moccasin bites you.
* * * LOW HITPOINT WARNING * * *
The water moccasin is engulfed in dark miasma.
The water moccasin bites you.
* * * LOW HITPOINT WARNING * * *
You barely miss the water moccasin.
Your headbutt misses the water moccasin.
The water moccasin is severely wounded.
The water moccasin is engulfed in dark miasma.
The water moccasin seems to slow down.
The water moccasin bites you!
You die...

#.#.............# #
#.#.#.####....###.#
#.#.#. ...........#
#
.#.#.#.####..#..##.#
##
...........>[......#
#.
#......###..#######
#.
#.................
#. #._8_.......#####
#. #....@#.....# ##
#.....S).....#
#...............
#............#.#
#..........[.<...
#.......#######..
#.......+ #.......#


You could see a water moccasin (poisoned, slow).

Vanquished Creatures
  Grinder (D:4)
  An ice beast (D:5)
  A black bear (D:4)
  A centaur (D:5)
  An ogre (D:5)
  A jelly (D:4)
  Ijyb (D:3)
  2 orc wizards (D:5)
  An iguana (D:4)
  4 gnolls (D:3)
  11 adders
  2 worms
  3 dart slugs (D:1)
  4 orcs
  3 bats
  3 endoplasms
  4 giant cockroaches
  5 goblins
  4 hobgoblins
  6 jackals
  7 kobolds
  3 quokkas
  3 ball pythons
  4 frilled lizards
  2 rats
78 creatures vanquished.

Notes
Turn   | Place    | Note
-------+----------+-------------------------------------------
     0 | D:1      | gelatine the Demonspawn Wanderer began the quest for the
                  | Orb.
     0 | D:1      | gelatine set off with the following items: a +0 dagger, a
                  | potion of haste, a +0 robe, a +0 buckler; and the following
                  | spells available to memorise: Summon Small Mammal,
                  | Wereblood, Sting, Call Canine Familiar, Ignite Poison.
     0 | D:1      | Reached XP level 1. HP: 13/13 MP: 2/2
     2 | D:1      | Learned a level 1 spell: Sting
   216 | D:1      | Gained mutation: You may rarely emit foul miasma when
                  | damaged in melee. [demonic ancestry]
   216 | D:1      | Reached XP level 2. HP: 19/19 MP: 0/4
  1192 | D:2      | Found a faded altar of an unknown god.
  1328 | D:2      | Reached XP level 3. HP: 17/24 MP: 0/5
  1714 | D:2      | Reached skill level 1 in Short Blades
  1945 | D:2      | Reached skill level 1 in Poison Magic
  2352 | D:3      | Reached XP level 4. HP: 31/31 MP: 4/6
  2478 | D:3      | Noticed Ijyb
  2521 | D:3      | Reached skill level 1 in Stealth
  2556 | D:3      | Reached skill level 2 in Spellcasting
  2683 | D:3      | Killed Ijyb
  2726 | D:3      | Gained mutation: You have a pair of small horns on your
                  | head. [demonic ancestry]
  2726 | D:3      | Reached XP level 5. HP: 35/36 MP: 2/9
  2812 | D:3      | Found an ornate altar of the Wu Jian Council.
  3592 | D:4      | Noticed Grinder
  3610 | D:4      | Killed Grinder
  3611 | D:4      | Reached skill level 1 in Fighting
  3611 | D:4      | Reached skill level 3 in Spellcasting
  3611 | D:4      | Reached XP level 6. HP: 22/43 MP: 5/11
  4242 | D:4      | Found a staircase to the Ecumenical Temple.
  4255 | D:4      | Gained mutation: You sometimes emit foul miasma when
                  | damaged in melee. [demonic ancestry]
  4255 | D:4      | Reached XP level 7. HP: 35/49 MP: 4/12
  4269 | Temple   | Entered the Ecumenical Temple
  4511 | D:4      | Learned a level 2 spell: Wereblood
  4694 | D:4      | You fall into a shaft and drop 1 floor!
  4694 | D:5      | Entered Level 5 of the Dungeon
  4963 | D:5      | HP: 2/50 [ice beast (12)]
  4966 | D:5      | Reached skill level 1 in Armour
  4966 | D:5      | Reached skill level 4 in Spellcasting
  5145 | D:5      | Found a sparkling altar of Nemelex Xobeh.
  5147 | D:5      | Found a sacrificial altar of Ru.
  5169 | D:5      | Slain by a water moccasin

Illustrated notes

Levels and vault maps discovered:
D:1:      giann_horns, layout_basic
D:2:      minmay_skewed_foursquare, layout_rooms,
          chequers_ecumenical_altar_simple_redux,
          chequers_serial_rivers_large_a, reono_crystal_passage, feat_on_display
D:3:      layout_basic, old_standard_altar, uniq_ijyb
D:4:      layout_gridville, minmay_temple_entry_mist, nicolae_eternal_life,
          minmay_misc_feat_tower, uniq_grinder
D:5:      layout_basic, chequers_temple_overflow_statue_of_worship, uniq_duvessa
Temple:   minmay_temple_bridge_d

Skill      XL: |  1  2  3  4  5  6  7 |
---------------+----------------------+-----
Transmutations | 3 |  3.7
Short Blades   | 1 |  1.3
Poison Magic   | 1 2 3 |  3.5
Stealth        | 1 |  1.7
Spellcasting   | 2 3 4 |  4.2
Fighting       | 1 2 |  2.2
Shields        | 2 |  2.4
Dodging        | 2 |  2.1
Evocations     | 2 |  2.2
Armour         | 1 |  1.0
Staves         | |  0.4
Summonings     | |  2.0

Action                     |  1- 3 |  4- 6 |  7- 9 || total
---------------------------+-------+-------+-------++-------
  Melee: Dagger            |    58 |    25 |       ||    83
         Staff             |       |    34 |    29 ||    63
         Headbutt          |       |     6 |     6 ||    12
   Cast: Sting             |    63 |    85 |    26 ||   174
         Wereblood         |       |       |     5 ||     5
    Use: Scroll            |     4 |       |     1 ||     5
         Potion            |     1 |       |       ||     1
 Armour: Robe              |    47 |    15 |       ||    62
         Leather armour    |       |    47 |    28 ||    75
  Dodge: Dodged            |    43 |    61 |    23 ||   127
  Block: Buckler           |    13 |    23 |    13 ||    49

Table legend: (Time is in decaauts)
 A = Elapsed time spent in this place.
 B = Non-inter-level travel time spent in this place.
 C = Inter-level travel time spent in this place.
 D = Time resting spent in this place.
 E = Time spent auto-exploring this place.
 F = Levels seen in this place.
 G = Mean time per level.
                   A        B        C        D        E       F      G
               +--------+--------+--------+--------+--------+-----+--------+
         Total |   5194 |   4969 |    225 |      5 |   4054 |   6 |  865.7 |
       Dungeon |   5012 |   4917 |     95 |      5 |   4006 |   5 | 1002.4 |
        Temple |    181 |     51 |    130 |      0 |     48 |   1 |  181.0 |
               +--------+--------+--------+--------+--------+-----+--------+

Top non-repeatable levels by time:
     D:2: 1220 daAuts
     D:1: 1193 daAuts
     D:3: 1120 daAuts
     D:4: 995 daAuts
     D:5: 481 daAuts
  Temple: 181 daAuts
